 Dungeon Crawl Stone Soup version 0.29-a0-477-g62b78b4225 (console) character file.

Game seed: 14007119712225737536

53 Faeu the Sneak (level 3, -4/24 HPs)
             Began as a Vampire Enchanter on May 25, 2022.
             Slain by Terence
             ... wielding a +0 flail
              (8 damage)
             ... on level 2 of the Dungeon.
             The game lasted 00:02:42 (658 turns).

Faeu the Sneak (Vampire Enchanter)                   Turns: 658, Time: 00:02:42

Health: -4/24      AC:  4    Str:  7    XL:     3   Next: 62%
Magic:  6/6        EV: 13    Int: 17    God:
Gold:   68         SH:  0    Dex: 16    Spells: 6/6 levels left

rFire   . . .      SeeInvis +   a - +1 dagger {short}
rCold   . . .      Faith    .   (no shield)
rNeg    . . .      Spirit   .   b - +0 robe
rPois   +          Reflect  .   (no helmet)
rElec   .          Harm     .   (no cloak)
rCorr   .          Rampage  .   (no gloves)
Will    .....                   h - +1 pair of boots
Stlth   +++.......              (no amulet)
HPRegen 0.28/turn               e - ring of poison resistance
MPRegen 0.10/turn               (no ring)

@: healing quickly
A: alive, fangs 3, see invisible, vampiric 2
a: Exsanguinate


You were on level 2 of the Dungeon.
You visited 1 branch of the dungeon, and saw 2 of its levels.

You collected 68 gold pieces.


Innate Abilities, Weirdness & Mutations

Your natural rate of healing is accelerated.
You have razor-sharp teeth.
You have supernaturally acute eyesight. (SInv)
You are afflicted with vampirism and can become a bat while bloodless.


   Skills:
 + Level 2.3 Short Blades
 + Level 3.1 Dodging
 + Level 5.5 Stealth
 - Level 2.0 Spellcasting
 - Level 4.4 Hexes


You had 6 spell levels left.
You didn't know any spells.
Your spell library contained the following spells:

 Spells                   Type           Power      Damage    Failure   Level
 Confusing Touch          Hex            16%        N/A       10%         3
 Tukima's Dance           Hex            16%        N/A       10%         3
 Ensorcelled Hibernation  Hex/Ice        18%        N/A       12%         2
 Sandblast                Erth           2%         2d4       19%         1
 Dazzling Flash           Conj/Hex       18%        N/A       24%         3

Inventory:

Hand Weapons
 a - a +1 dagger (weapon) {short}
Missiles
 d - 50 stones (quivered) {throwing}
Armour
 b - a +0 robe (worn)
 h - a +1 pair of boots (worn)
   (You found it on level 2 of the Dungeon)
 i - a +0 leather armour
   (You found it on level 2 of the Dungeon)
Jewellery
 e - a ring of poison resistance (left hand)
   (You found it on level 1 of the Dungeon)
Scrolls
 f - a scroll of identify {unknown}
Potions
 c - 2 potions of invisibility
 g - a potion of heal wounds {unknown}
 j - 2 potions of brilliance {unknown}

Dungeon Overview and Level Annotations

Branches:
Dungeon (2/15)

Altars:

Annotations:
D:2 Terence

..#......# ##<###.#
###.....## ##รท#.# #
#....## ##.# ###.#.##
#.# ....#.# #.######
#####.# #......# ##+##
#.####.# ##...## #.#
#.# ##.....## ##.## #.#
##.......## ##.@.# #.#
#.........####..@.# #.#
'.........'.......###.#
#.........####........#
##.......## ##.#.#####
##.....## ###...#
##...## #.....# ##'##
#.#...# #.# #.#####
#.########.#
##.#.....##.# #
##....###.##.#


You could see Terence.


Message History

The giant cockroach bites you but does no damage.
You closely miss the giant cockroach. Your bite misses the giant cockroach.
The giant cockroach misses you.
You barely miss the giant cockroach. You bite the giant cockroach.
The giant cockroach closely misses you.
You hit the giant cockroach.
You kill the giant cockroach! ๐Ÿ˜Ž HP[+1]
You hit the frilled lizard.
You kill the frilled lizard!
You see here a giant cockroach corpse.
You now have 68 gold pieces (gained 1).
You open the door.
There is an open door here.
There is an open door here.
h - a +1 pair of boots No target in view!
i - a +0 leather armour You start putting on your armour.
You continue putting on your +1 pair of boots. x4
You finish putting on your +1 pair of boots.
You hit the worm. The worm barely misses you.
You hit the worm. You hit the worm. The worm closely misses you.
You hit the worm. You hit the worm. The worm closely misses you.
You hit the worm. The worm bites you but does no damage.
You hit the worm. You bite the worm. You hit the worm.
You kill the worm!
You see here a worm corpse.
j - 2 dark potions Terence the Incautious comes into view.
He is wielding a +0 flail.
Terence shouts!
You throw a stone {throwing}.
The stone {throwing} hits Terence but does no damage.
You throw a stone {throwing}.
The stone {throwing} hits Terence but does no damage.
You throw a stone {throwing}.
The stone {throwing} hits Terence but does no damage.
Terence hits you with a +0 flail. ๐Ÿ˜• HP[-2]
You take 2 damage, and now have 22/24 hp.
You hit Terence. ๐Ÿ˜• HP[+1]
You hit Terence but do no damage. Terence closely misses you.
You hit Terence.
Terence hits you with a +0 flail. ๐Ÿ˜ฎ HP[-5]
You take 5 damage, and now have 18/24 hp.
MASSIVE DAMAGE!! (PAUSE)
You hit Terence. Terence barely misses you.
You barely miss Terence. Terence closely misses you. ๐Ÿ˜• HP[+1]
You hit Terence but do no damage. Your bite misses Terence.
Terence closely misses you.
You hit Terence but do no damage. Terence misses you.
You hit Terence.
Terence hits you with a +0 flail. ๐Ÿ˜ฎ HP[-5]
You take 5 damage, and now have 14/24 hp.
MASSIVE DAMAGE!! (PAUSE)
You hit Terence but do no damage. Terence misses you. ๐Ÿ˜ฎ HP[+1]
You hit Terence but do no damage. You bite Terence, but do no damage.
You hit Terence but do no damage. Your bite misses Terence.
Terence closely misses you.
You hit Terence but do no damage. Terence barely misses you.
You hit Terence. Terence hits you with a +0 flail!
* * * LOW HITPOINT WARNING * * *
๐Ÿ˜จ HP[-8]
You take 8 damage, and now have 7/24 hp.
MASSIVE DAMAGE!! (PAUSE) Terence attacks as you move away!
Terence misses you. Terence attacks as you move away!
Terence closely misses you.
Terence shouts, "Now you die!" ๐Ÿ˜จ HP[+1]
Things that are here:
a +0 club {mace}; a goblin skeleton; ๐Ÿ˜จ HP[+1] Terence attacks as you move away!
Terence hits you with a +0 flail!
* * * LOW HITPOINT WARNING * * *
There is a stone staircase leading up here. ๐Ÿ˜ฑ HP[-7]
You take 7 damage, and now have 2/24 hp.
MASSIVE DAMAGE!! (PAUSE) Terence attacks as you move away!
Terence closely misses you.
You see here a jackal skeleton. ๐Ÿ˜ฑ HP[+1] ๐Ÿ˜ฑ HP[+1] Terence attacks as you move away!
Terence barely misses you. Terence attacks as you move away!
Terence hits you with a +0 flail.
* * * LOW HITPOINT WARNING * * *
๐Ÿ˜ฑ HP[-2]
You take 2 damage, and now have 2/24 hp.
You hit Terence but do no damage. Terence completely misses you.
You barely miss Terence. Terence barely misses you.
You barely miss Terence. Terence misses you.
You hit Terence but do no damage. Terence barely misses you. ๐Ÿ˜ฑ HP[+1]
You hit Terence but do no damage. Terence barely misses you.
You hit Terence but do no damage. You hit Terence but do no damage.
You bite Terence. Terence hits you but does no damage.
You hit Terence but do no damage. Your bite misses Terence.
Terence hits you with a +0 flail!
You die...

Skill      XL: |  1  2  3 |
---------------+----------+-----
Short Blades   | 2 |  2.3
Stealth        | 5 |  5.5
Dodging        | 3 |  3.1
Spellcasting   | |  2.0
Hexes          | |  4.4

Action                   || total
-------------------------++-------
Melee: Dagger            ||    80
       Bite              ||     7
Throw: Stone             ||     3
 Stab: Sleeping          ||     4
Armor: Robe              ||    14
Dodge: Dodged            ||    50

Levels and vault maps discovered:
D:1:      minmay_arrival_shattered_statue, layout_basic,
          shapermc_ecumenical_altar_rom_forum
D:2:      layout_loops_corners, hangedman_decor_growths, uniq_robin,
          uniq_terence, uniq_natasha

Notes
Turn   | Place    | Note
-------+----------+-------------------------------------------
     0 | D:1      | Faeu the Vampire Enchanter began the quest for the Orb.
     0 | D:1      | Reached XP level 1. HP: 13/13 MP: 3/3
     0 | D:1      | magus.rc [v1.9.6]
   187 | D:1      | Found a faded altar of an unknown god.
   192 | D:1      | Got Plato's Tome of the Rocks
   216 | D:1      | Reached XP level 2. HP: 12/19 MP: 5/5
   308 | D:2      | Noticed Natasha
   317 | D:2      | Killed Natasha
   318 | D:2      | Reached skill level 2 in Short Blades
   318 | D:2      | Reached skill level 5 in Stealth
   318 | D:2      | Gained mutation: You are afflicted with vampirism and can
                  | become a bat while bloodless. [Vampire growth]
   318 | D:2      | Reached XP level 3. HP: 10/24 MP: 6/6
   496 | D:2      | Reached skill level 3 in Dodging
   610 | D:2      | Noticed Terence
   640 | D:2      | HP: 2/24 [Terence/+0 flail (7)]
   650 | D:2      | HP: 1/24 [Terence/+0 flail (3)]
   658 | D:2      | Slain by Terence

Vanquished Creatures
  Natasha (D:2)
  An adder (D:2)
  A worm (D:2)
  A ball python (D:1)
  A bat (D:1)
  2 endoplasms (D:1)
  A giant cockroach (D:2)
  2 goblins
  A jackal (D:2)
  3 frilled lizards
  2 rats
16 creatures vanquished.

Table legend:
 A = Non-vault XP
 B = Vault XP
 C = Vault XP percentage of total XP
 D = Non-vault monster count
 E = Vault monster count
 F = Vault count percentage of total count
                 A         B        C        D         E       F
            +---------+---------+-------+---------+---------+-------
      Total |      40 |      36 |  47.4 |      15 |       1 |   6.2
            +---------+---------+-------+---------+---------+-------
        D:1 |      13 |       0 |   0.0 |       8 |       0 |   0.0
        D:2 |      27 |      36 |  57.1 |       7 |       1 |  12.5
            +---------+---------+-------+---------+---------+-------

Illustrated notes

Table legend:
 A = Kills in this place as a percentage of kills in entire the game.
 B = Kills by you in this place as a percentage of kills by you in the entire game.
 C = Kills by friends in this place as a percentage of kills by friends in the entire game.
 D = Other kills in this place as a percentage of other kills in the entire game.
 E = Experience gained in this place as a percentage of experience gained in the entire game.
 F = Experience gained in this place divided by the number of levels of this place that you have seen.
                   A       B       C       D       E      F
               +-------+-------+-------+-------+-------+----------------------
         Total | 100.0 | 100.0 |   N/A |   N/A | 100.0 |  38.0
       Dungeon | 100.0 | 100.0 |   N/A |   N/A | 100.0 |  38.0
               +-------+-------+-------+-------+-------+----------------------

Table legend: (Time is in decaauts)
 A = Elapsed time spent in this place.
 B = Non-inter-level travel time spent in this place.
 C = Inter-level travel time spent in this place.
 D = Time resting spent in this place.
 E = Time spent auto-exploring this place.
 F = Levels seen in this place.
 G = Mean time per level.
                   A        B        C        D        E       F      G
               +--------+--------+--------+--------+--------+-----+--------+
         Total |    659 |    659 |      0 |     38 |    386 |   2 |  329.5 |
       Dungeon |    659 |    659 |      0 |     38 |    386 |   2 |  329.5 |
               +--------+--------+--------+--------+--------+-----+--------+

Top non-repeatable levels by time:
     D:2: 402 daAuts
     D:1: 257 daAuts
